 Dungeon Crawl Stone Soup version 0.24-a0-639-gb70a11d811 (webtiles) character file.

Game seed: 7609687564520319103, levelgen mode: deterministic

16403 DasRunzen the Protected (level 12, -2/101 HPs)
             Began as a Minotaur Fighter on Sept 21, 2019.
             Was a High Priest of Okawaru.
             Slain by an unseen horror (6 damage)
             ... on level 10 of the Dungeon.
             The game lasted 00:32:29 (9937 turns).

DasRunzen the Protected (Minotaur Fighter)          Turns: 9937, Time: 00:32:29

Health: -2/101     AC: 12    Str: 23    XL:     12   Next: 9%
Magic:  20/24      EV: 24    Int:  5    God:    Okawaru [*****.]
Gold:   396        SH: 15    Dex: 18    Spells: 11/11 levels left

rFire    . . .     SeeInvis .   n - +6 hand axe of Vaaranto {freeze, rN+ MP+9 Dex+3}
rCold    + . .     Gourm    .   c - +1 shield
rNeg     + . .     Faith    .   b - +0 scale mail
rPois    .         Spirit   .   (helmet unavailable)
rElec    .         Reflect  .   u - scarf {repulsion}
rCorr    .         Harm     .   s - +0 pair of gloves
MR       .....                  h - +0 pair of boots
Stlth    ..........             e - amulet of the acrobat
HPRegen  0.26/turn              x - ring of protection from cold
MPRegen  0.19/turn              (no ring)

@: lethally poisoned (-2 -> -17), acrobat, repel missiles
A: retaliatory headbutt, horns 3, blink, frail 1, strong 1
a: Blink, Heroism, Finesse, Renounce Religion


You were on level 10 of the Dungeon.
You worshipped Okawaru.
Okawaru was extremely pleased with you.
You were hungry.

You visited 3 branches of the dungeon, and saw 13 of its levels.
You also visited: Bailey.

You collected 652 gold pieces.
You spent 256 gold pieces at shops.

Inventory:

Hand Weapons
 a - a +2 war axe
 n - the +6 hand axe of Vaaranto (weapon) {freeze, rN+ MP+9 Dex+3}
   (You found it on level 7 of the Dungeon)

   It has been specially enchanted to freeze those struck by it, causing extra
   injury to most foes and up to half again as much damage against particularly
   susceptible opponents.
   It can also slow down cold-blooded creatures.
   It affects your dexterity (+3).
   It protects you from negative energy.
   It affects your magic capacity (+9).
 o - a +2 trident of piercing
 A - a +1 broad axe of chopping
Armour
 b - a +0 scale mail (worn)
 c - a +1 shield (worn)
 h - a +0 pair of boots (worn)
 s - a +0 pair of gloves (worn)
 u - a scarf of repulsion (worn)
Jewellery
 e - an amulet of the acrobat (around neck)
 l - an uncursed ring of wizardry
 x - a ring of protection from cold (left hand)
Wands
 w - a wand of scattershot (10)
Scrolls
 i - 2 scrolls of teleportation
 j - 8 scrolls of remove curse
 v - a scroll of amnesia
 y - a scroll of fog
 B - a scroll of magic mapping
Potions
 d - 3 potions of might
 g - a potion of cancellation
 k - 3 potions of berserk rage
 m - 3 potions of lignification
 p - 4 potions of curing
 q - a potion of flight
 r - 8 potions of heal wounds
 t - 2 potions of magic
Comestibles
 f - 20 rations


   Skills:
 + Level 12.6 Fighting
 + Level 12.4 Axes
 + Level 12.7 Armour
 + Level 12.7 Shields
 + Level 5.7 Invocations


You had 11 spell levels left.
You didn't know any spells.
Your spell library contained the following spells:

 Spells                   Type           Power        Failure   Level  Hunger
 Infusion                 Chrm           #...         82%         1    ##.....
 Magic Dart               Conj           #...         82%         1    ##.....
 Searing Ray              Conj           #.....       91%         2    ###....
 Shroud of Golubria       Chrm/Tloc      #.....       91%         2    ###....
 Song of Slaying          Chrm           #.......     91%         2    ###....
 Dazzling Spray           Conj/Hex       #.....       99%         3    ####...
 Regeneration             Chrm/Necr      #.........   99%         3    ####...
 Spectral Weapon          Hex/Chrm       #.......     99%         3    ####...
 Force Lance              Conj/Tloc      #.......     100%        4    #####..
 Fulminant Prism          Conj/Hex       #.........   100%        4    #####..
 Iskenderun's Mystic Bla  Conj           #.......     100%        4    #####..


Dungeon Overview and Level Annotations

Branches:
Dungeon (11/15)            Temple (1/1) D:5            Lair (1/6) D:10
    Orc (0/2) D:10         Bailey (visited)

Altars:
Ashenzari
Cheibriados
Dithmenos
Elyvilon
Fedhas
Gozag
Hepliaklqana
Kikubaaqudgha
Makhleb
Nemelex Xobeh
Okawaru
Qazlal
Ru
Sif Muna
Trog
Uskayaw
Vehumet
Wu Jian
Xom
Yredelemnul
Zin
The Shining One

Shops:
D:5 (   D:8 [

Annotations:
D:10 exclusion: obsidian statue


Innate Abilities, Weirdness & Mutations

You reflexively headbutt those who attack you in melee.
You have a pair of large horns on your head.
You can translocate small distances at will.
You are frail. (-10% HP)
Your muscles are strong. (Str +2)


Message History

The five-headed hydra bites you.
* * * LOW HITPOINT WARNING * * *
The five-headed hydra bites you but does no damage.
The black mamba bites you.
* * * LOW HITPOINT WARNING * * *
You are lethally poisoned!
The black mamba poisons you!
Unknown command.
* * * LOW HITPOINT WARNING * * *
You feel sick. You block the black mamba's attack.
* * * LOW HITPOINT WARNING * * *
You feel sick. The black mamba completely misses you. You furiously retaliate!
You headbutt the black mamba! The spiny frog barely misses you.
Unknown command.
* * * LOW HITPOINT WARNING * * *
You feel sick. The black mamba completely misses you.
Your surroundings suddenly seem different.
* * * LOW HITPOINT WARNING * * *
You feel sick. Something hits you.
You die...

.## ># ## #
# # # #
..#########
#
#......@{.#
#########.#
.. ##


There were no monsters in sight!

Vanquished Creatures
  Harold (D:9)
  A hydra (D:10)
  A flayed ghost (D:9)
  An ugly thing (D:11)
  A cyclops (D:11)
  2 centaur zombies (D:10)
  Joseph (D:10)
  An elephant (D:10)
  A freezing wraith (D:11)
  A hippogriff (D:10)
  2 shadows (D:9)
  3 wraiths (D:9)
  A vampire (D:11)
  A wyvern (D:8)
  Eustachio (D:6)
  3 hogs (D:9)
  10 yaks
  A human (D:9)
  8 fire bats (D:9)
  Grum (Lair:1)
  A water moccasin (D:9)
  2 ice beasts (D:7)
  4 orc warriors
  5 sky beasts
  A hornet zombie (D:11)
  3 ogres
  A black bear (D:10)
  A phantom (D:8)
  3 necrophages (D:11)
  5 wolves
  11 centaurs
  5 crocodiles
  A big kobold (D:7)
  A gnoll sergeant (D:9)
  11 bullfrogs
  5 scorpions
  3 killer bees (D:10)
  4 wights
  2 bullfrog zombies (D:11)
  4 crimson imps
  4 howler monkeys
  5 orc priests
  2 bullfrog skeletons
  2 centaur skeletons
  6 orc wizards
  5 iguanas
  13 worker ants
  A killer bee zombie (D:5)
  A hound zombie (D:9)
  A hound skeleton (D:6)
  A mummy (D:11)
  A howler monkey zombie (D:7)
  Robin (D:2)
  20 gnolls
  12 adders
  2 shadow imps (D:8)
  An adder zombie (D:7)
  An adder skeleton (D:6)
  3 worms
  2 dart slugs
  7 leopard geckos
  30 orcs
  84 bats
  2 giant cockroaches
  19 hobgoblins
  7 jackals
  22 kobolds
  6 quokkas
  7 frilled lizards
  A giant cockroach zombie (D:6)
  21 goblins
  A leopard gecko skeleton (D:7)
  9 rats
415 creatures vanquished.

Vanquished Creatures (others)
  A quokka (D:9)
  9 toadstools (Lair:1)
  A withered plant (D:11)
11 creatures vanquished.

Grand Total: 426 creatures vanquished

Notes
Turn   | Place    | Note
-------+----------+-------------------------------------------
     0 | D:1      | DasRunzen the Minotaur Fighter began the quest for the Orb.
     0 | D:1      | Reached XP level 1. HP: 19/19 MP: 0/0
   303 | D:1      | Reached XP level 2. HP: 27/27 MP: 1/1
   922 | D:2      | Reached XP level 3. HP: 32/33 MP: 2/2
   922 | D:2      | Noticed Robin
   932 | D:2      | Killed Robin
  1088 | D:2      | Reached XP level 4. HP: 40/40 MP: 3/3
  1091 | D:2      | Found a bloodstained altar of Trog.
  1663 | D:3      | Reached XP level 5. HP: 53/53 MP: 4/4
  1664 | D:3      | Reached XP level 6. HP: 66/66 MP: 5/5
  1665 | D:3      | Reached skill level 10 in Fighting
  1665 | D:3      | Reached skill level 10 in Axes
  1665 | D:3      | Reached skill level 10 in Armour
  1665 | D:3      | Reached skill level 10 in Shields
  1665 | D:3      | Reached XP level 7. HP: 73/73 MP: 6/6
  1666 | D:3      | Gained mutation: You occasionally shout uncontrollably at
                  | your foes. [potion of mutation]
  1666 | D:3      | Gained mutation: Your natural rate of healing is unusually
                  | fast. [potion of mutation]
  1666 | D:3      | Gained mutation: Armour fits poorly on your strangely
                  | shaped body. [potion of mutation]
  1666 | D:3      | Gained mutation: You have a pair of large horns on your
                  | head. [potion of mutation]
  1667 | D:3      | Lost mutation: You have a pair of large horns on your head.
                  | [potion of mutation]
  1667 | D:3      | Lost mutation: Your natural rate of healing is unusually
                  | fast. [potion of mutation]
  1667 | D:3      | Lost mutation: Armour fits poorly on your strangely shaped
                  | body. [potion of mutation]
  1667 | D:3      | Lost mutation: You occasionally shout uncontrollably at
                  | your foes. [potion of mutation]
  1667 | D:3      | Gained mutation: Scrolls take you a little longer to read.
                  | [potion of mutation]
  1667 | D:3      | Gained mutation: Your mind is acute. (Int +2) [potion of
                  | mutation]
  1667 | D:3      | Gained mutation: You are frail. (-10% HP) [potion of
                  | mutation]
  1667 | D:3      | Gained mutation: Your flesh is cold resistant. (rC+)
                  | [potion of mutation]
  1819 | D:3      | Found a shattered altar of Ashenzari.
  2523 | D:4      | Found a hide-covered altar of Uskayaw.
  2543 | D:4      | HP: 3/65 [gnoll/+0 halberd (6)]
  2858 | D:4      | Lost mutation: You are frail. (-10% HP) [potion of
                  | mutation]
  2858 | D:4      | Lost mutation: Your mind is acute. (Int +2) [potion of
                  | mutation]
  2858 | D:4      | Lost mutation: Your flesh is cold resistant. (rC+) [potion
                  | of mutation]
  2858 | D:4      | Gained mutation: You occasionally shout uncontrollably at
                  | your foes. [potion of mutation]
  2858 | D:4      | Gained mutation: You are partially covered in icy blue
                  | scales. (AC +2) [potion of mutation]
  2933 | D:4      | Reached XP level 8. HP: 81/81 MP: 7/7
  3014 | D:5      | Entered Level 5 of the Dungeon
  3049 | D:5      | Found a staircase to the Ecumenical Temple.
  3093 | Temple   | Entered the Ecumenical Temple
  3422 | D:5      | Found Axoco's Antique Weapon Emporium.
  3457 | D:5      | Found a hazy altar of Hepliaklqana.
  3457 | D:5      | Found a sacrificial altar of Ru.
  3691 | D:5      | Found an iron altar of Okawaru.
  3906 | D:5      | Became a worshipper of Warmaster Okawaru
  4109 | D:6      | Noticed Eustachio
  4125 | D:6      | Killed Eustachio
  4125 | D:6      | Reached * piety under Okawaru
  4125 | D:6      | Reached skill level 1 in Invocations
  4125 | D:6      | Reached XP level 9. HP: 64/89 MP: 8/8
  4510 | D:7      | Found a bloodstained altar of Trog.
  4533 | D:7      | Found a shimmering blue altar of Sif Muna.
  4555 | D:7      | Found a flagged portal.
  4562 | D:7      | Got a twisted hand axe
  4565 | D:7      | Identified the +6 hand axe of Vaaranto {freeze, rN+ MP+9
                  | Dex+3} (You found it on level 7 of the Dungeon)
  4568 | Bailey   | Entered a bailey
  4776 | Bailey   | Reached ** piety under Okawaru
  4816 | Bailey   | Lost mutation: Scrolls take you a little longer to read.
                  | [potion of mutation]
  4816 | Bailey   | Lost mutation: You occasionally shout uncontrollably at
                  | your foes. [potion of mutation]
  4816 | Bailey   | Lost mutation: You are partially covered in icy blue
                  | scales. (AC +2) [potion of mutation]
  4816 | Bailey   | Gained mutation: You can translocate small distances at
                  | will. [potion of mutation]
  4816 | Bailey   | Gained mutation: You are frail. (-10% HP) [potion of
                  | mutation]
  4816 | Bailey   | Gained mutation: You have a pair of large horns on your
                  | head. [potion of mutation]
  4816 | Bailey   | Gained mutation: Your muscles are strong. (Str +2) [potion
                  | of mutation]
  5162 | D:7      | Identified a scroll of acquirement
  5235 | D:7      | Found an ancient bone altar of Kikubaaqudgha.
  5343 | D:7      | Found a glowing golden altar of the Shining One.
  5417 | D:7      | Found an iron altar of Okawaru.
  5743 | D:8      | Found a stormy altar of Qazlal.
  5743 | D:8      | Found a shimmering blue altar of Sif Muna.
  5743 | D:8      | Found a shattered altar of Ashenzari.
  5875 | D:8      | Found an opulent altar of Gozag.
  6213 | D:8      | Found Yfurith's Antique Armour Emporium.
  6221 | D:8      | Bought a pair of warped gloves for 256 gold pieces
  6226 | D:8      | Identified the -4 pair of gloves of a ziggurat {rPois rF+
                  | Dex+3} (You bought it in a shop on level 8 of the Dungeon)
  6297 | D:8      | Reached XP level 10. HP: 73/86 MP: 10/10
  6418 | D:9      | Reached *** piety under Okawaru
  6545 | D:9      | Found a burning altar of Makhleb.
  6647 | D:9      | Found a sparkling altar of Nemelex Xobeh.
  6659 | D:9      | Found a runed translucent door.
  6663 | D:9      | Found a shimmering altar of Xom.
  6679 | D:9      | Found a basalt altar of Yredelemnul.
  6704 | D:9      | Found a snail-covered altar of Cheibriados.
  6750 | D:9      | Reached **** piety under Okawaru
  6847 | D:9      | Found a glowing silver altar of Zin.
  6915 | D:9      | Found a snail-covered altar of Cheibriados.
  7188 | D:9      | Noticed Harold
  7202 | D:9      | Killed Harold
  7210 | D:9      | Found a white marble altar of Elyvilon.
  7254 | D:9      | Reached ***** piety under Okawaru
  7256 | D:9      | Reached XP level 11. HP: 72/93 MP: 12/12
  7385 | D:9      | Noticed a flayed ghost
  7395 | D:9      | Killed a flayed ghost
  7464 | D:10     | Entered Level 10 of the Dungeon
  7485 | D:10     | Noticed Joseph
  7497 | D:10     | Killed Joseph
  7504 | D:10     | Found a staircase to the Orcish Mines.
  7760 | D:10     | Noticed an obsidian statue
  7807 | D:10     | Found a staircase to the Lair.
  8422 | D:10     | Noticed a soul eater
  8873 | D:11     | Reached skill level 5 in Invocations
  9055 | D:11     | Received a gift from Okawaru
  9254 | D:11     | Noticed a cyan ugly thing
  9264 | D:11     | Killed a cyan ugly thing
  9506 | Lair:1   | Entered Level 1 of the Lair of Beasts
  9511 | Lair:1   | Noticed Grum
  9514 | Lair:1   | Noticed a four-headed hydra
  9524 | Lair:1   | Reached XP level 12. HP: 83/101 MP: 15/15
  9540 | D:10     | Killed a four-headed hydra
  9916 | Lair:1   | Killed Grum
  9922 | Lair:1   | Noticed a four-headed hydra
  9936 | D:10     | HP: 5/101 [poisoned by a black mamba]
  9937 | D:10     | Slain by an unseen horror

Levels and vault maps discovered:
D:1:      dpeg_arrival_solitude, layout_loops_corners,
          chequers_serial_rivers_micro_c
D:2:      minmay_razor_zed, layout_loops_ring, old_standard_altar, first_ration,
          uniq_robin
D:3:      layout_loops_ring, cheibrodos_ashenzari_chains
D:4:      layout_cave_pools, eat_drink_and_be_merry_uskayaw
D:5:      layout_loops_ring, gammafunk_temple_overflow_pools,
          minmay_temple_entry_purple_smoke, serial_shops, shop,
          minmay_misc_feat_square, okawaru_altar_gauntlet_db
D:6:      layout_rooms, st_stairs_4, minmay_between, uniq_eustachio
D:7:      wad_lake_hut, layout_rooms, lemuel_doored_altar, tso_oasis_becter,
          kennysheep_mini_moat, basic_altar, enter_bailey_2,
          trog_three_pillars_becter
D:8:      layout_gridville, grunt_gozag_breadcrumbs,
          chequers_temple_overflow_statue_of_worship, serial_shops, shop
D:9:      due_megacathedral, layout_cave_pools, elyvilon_altar_4,
          lemuel_crystal_altar, grunt_livestock, uniq_harold
D:10:     layout_basic, david_lair_generic, orc_0_dummy,
          minmay_protected_statue, uniq_joseph
D:11:     layout_roguey, serial_undead, serial_undead_f, serial_undead_c,
          serial_undead_d, serial_undead_e, serial_undead_f, serial_undead_b
Temple:   nicolae_temple_figure_zero
Lair:1:   gammafunk_lair_enchanted_lake, layout_loops_ring,
          maelrawn_ghost_gauntlet_escape, uniq_grum

Skill      XL: |  1  2  3  4  5  6  7  8  9 10 11 |
---------------+----------------------------------+-----
Armour         | 4 8 9 10 11 12 | 12.7
Shields        | 4 8 9 10 11 12 | 12.7
Fighting       | 4 8 9 10 11 12 | 12.6
Axes           | 3 7 9 10 11 12 | 12.4
Invocations    | 1 2 3 5 |  5.7

Action                   |  1- 3 |  4- 6 |  7- 9 | 10-12 || total
-------------------------+-------+-------+-------+-------++-------
Melee: War axe           |    82 |    29 |   214 |       ||   325
       Headbutt          |     6 |     3 |    73 |   121 ||   203
       Hand axe          |       |       |   150 |   473 ||   623
       Trident           |       |       |       |     7 ||     7
  Use: Scroll            |     2 |     3 |    17 |     3 ||    25
       Potion            |       |     3 |     4 |     1 ||     8
  Eat: Chunk             |       |     2 |    15 |    12 ||    29
Armor: Scale mail        |    48 |    14 |   111 |   114 ||   287
Dodge: Dodged            |    23 |    12 |    96 |   161 ||   292
       Deflected         |       |       |       |     1 ||     1
Block: Shield            |    41 |     7 |   200 |   363 ||   611

Table legend:
 A = Non-vault XP
 B = Vault XP
 C = Vault XP percentage of total XP
 D = Non-vault monster count
 E = Vault monster count
 F = Vault count percentage of total count
                 A         B        C        D         E       F
            +---------+---------+-------+---------+---------+-------
      Total |   15507 |    7060 |  31.3 |     316 |      99 |  23.9
            +---------+---------+-------+---------+---------+-------
        D:1 |      22 |       0 |   0.0 |      13 |       0 |   0.0
        D:2 |      58 |      56 |  49.1 |      16 |      26 |  61.9
        D:3 |      95 |       0 |   0.0 |      22 |       0 |   0.0
        D:4 |     387 |       0 |   0.0 |      11 |       0 |   0.0
        D:5 |     525 |      15 |   2.8 |      14 |       6 |  30.0
        D:6 |     545 |     581 |  51.6 |      19 |       6 |  24.0
        D:7 |     998 |       0 |   0.0 |      27 |       0 |   0.0
        D:8 |    1229 |       0 |   0.0 |      24 |       0 |   0.0
        D:9 |    2735 |    3757 |  57.9 |     105 |      12 |  10.3
       D:10 |    3402 |    1349 |  28.4 |      20 |       5 |  20.0
       D:11 |    5001 |     547 |   9.9 |      40 |       7 |  14.9
     Lair:1 |     510 |     408 |  44.4 |       5 |       3 |  37.5
     Bailey |       0 |     347 | 100.0 |       0 |      34 | 100.0
            +---------+---------+-------+---------+---------+-------
